 Dungeon Crawl Stone Soup version 0.31-a0-176-g91f28db67f (webtiles) character file.

Game seed: 18206154532392204818

17370 qw the Cleaver (level 12, -9/76 HPs)
             Began as a Gargoyle Fighter on June 17, 2023.
             Was a High Priest of Okawaru.
             Mangled by a jiangshi (16 damage)
             ... led by a vampire mage
             ... on level 1 of the Abyss.
             The game lasted 00:05:49 (11155 turns).

qw the Cleaver (Gargoyle Fighter)                  Turns: 11155, Time: 00:05:50

Health: -9/76      AC: 33    Str: 24      XL:     12   Next: 47%
Magic:  18/19      EV: 15    Int: 10      God:    Okawaru [*****.]
Gold:   290        SH:  7    Dex: 14 (15) Spells: 11/11 levels left

rFire   . . .        m - +1 war axe (vamp)
rCold   . . .        c - +0 buckler
rNeg    + . .        s - +0 plate armour
rPois   inf          (helmet restricted)
rElec   +            o - +1 cloak
rCorr   .            h - +0 pair of gloves
SInv    .            l - +0 pair of boots
Will    .....        i - amulet of regeneration Stlth
                     b - +6 ring of dexterity
HPRegen 1.12/turn    a - +5 ring of evasion
MPRegen 0.16/turn

%: no passive effects
@: about to teleport, heroic
A: sickness immunity, AC +8, negative energy resistance 1, electricity
resistance, torment resistance 1, petrification resistance, claws 1, horns 1,
iridescent scales 1, deterioration 1
a: Renounce Religion, Heroism, Finesse, Duel


You were on level 1 of the Abyss.
You worshipped Okawaru.
Okawaru was extremely pleased with you.
You visited 3 branches of the dungeon, and saw 12 of its levels.
You visited the Abyss 1 time.
You also visited: Ossuary.

You collected 735 gold pieces.
You spent 445 gold pieces at shops.


Innate Abilities, Weirdness & Mutations

You are immune to sickness and miasma.
Your stone body is resilient. (AC +8)
You are immune to poison.
You resist negative energy. (rN+)
You are resistant to electric shocks. (rElec)
You are resistant to unholy torment.
You are immune to petrification.
You have sharp fingernails.
You have a pair of small horns on your head.
You are partially covered in iridescent scales. (AC +2)
Your body sometimes deteriorates upon taking damage.


   Skills:
 + Level 9.0(14.0) Fighting
 - Level 12.0(17.0) Axes
 - Level 2.0(7.0) Throwing
 - Level 9.1(14.1) Armour
 - Level 2.6(7.6) Dodging
 - Level 6.5(11.5) Shields
 + Level 9.9 Invocations


You had 11 spell levels left.
You didn't know any spells.
Your spell library was empty.

Inventory:

Hand Weapons
 m - a +1 vampiric war axe (weapon)
 p - a +0 morningstar
 u - a +0 demon whip of venom
 w - a +0 war axe
Armour
 c - a +0 buckler (worn)
 g - the +4 ring mail of the Guardian {Harm rCorr Str+5 Stlth-}
   (You found it on level 3 of the Dungeon)

   Str:       It affects your strength (+5).
   rCorr:     It protects you from acid and corrosion.
   Harm:      It increases damage dealt and taken.
   Stlth:     It makes you less stealthy.
 h - a +0 pair of gloves (worn)
 l - a +0 pair of boots (worn)
 o - a +1 cloak (worn)
 s - a +0 plate armour (worn)
Jewellery
 a - a +5 ring of evasion (right hand)
 b - a +6 ring of dexterity (left hand)
 i - an amulet of regeneration (around neck)
 y - a ring of fire
Scrolls
 k - a scroll of teleportation
 q - 9 scrolls of identify
 x - a scroll of brand weapon
Potions
 d - 6 potions of might
 e - 3 potions of haste
 f - 2 potions of mutation
 j - 4 potions of enlightenment
 n - 2 potions of attraction
 r - 2 potions of curing
 t - a potion of lignification
 v - a potion of magic

Dungeon Overview and Level Annotations

Branches:
Dungeon (9/15)             Temple (1/1) D:4            Lair (2/5) D:9
Ossuary (visited)
  Swamp: Lair:2-3    Shoals: Lair:2-3     Snake: Lair:2-3    Spider: Lair:2-3
    Orc: D:9-12

Altars:
Cheibriados
Dithmenos
Elyvilon
Fedhas
Gozag
Hepliaklqana
Kikubaaqudgha
Makhleb
Nemelex Xobeh
Okawaru
Qazlal
Ru
Sif Muna
Trog
Vehumet
Wu Jian
Xom
Yredelemnul
Zin
The Shining One

Shops:
D:9 *

Portals:
Abyss: D:3

Annotations:
D:3 2 transporters, 2 runed translucent doors, qw's ghost, amateur NaHu
D:6 1 runed translucent door, Crazy Yiuf
D:7 3 transporters, qw's ghost, amateur GrFi
D:8 2 runed translucent doors
Lair:2 Sonja


Message History

You slash the jiangshi! You block the vampire mage's attack.
The vampire mage bites you but does no damage.
You slash the jiangshi! Your headbutt misses the jiangshi.
The jiangshi is severely damaged.
You hit the vampire mage but do no damage.
You slash the jiangshi! You hit the jiangshi but do no damage.
You block the vampire mage's attack. The vampire mage closely misses you.
You slice the jiangshi!!
You destroy the jiangshi!
Okawaru is honoured by your kill.
You hit the vampire mage but do no damage.
You hit the jiangshi but do no damage. x2
The jiangshi claws you but does no damage. x2
You feel your intelligence returning.
Your base Armour skill increases to level 9!
You hit the jiangshi but do no damage.
The jiangshi is moderately damaged.
You hit the vampire mage but do no damage.
You hit the jiangshi but do no damage.
The jiangshi claws you but does no damage.
The jiangshi closely misses you.
The vampire mage gestures wildly while chanting.
The vampire mage flickers and vanishes!
Deactivating autopickup; reactivate with Ctrl-A.
The jiangshi claws you but does no damage.
The jiangshi barely misses you.
You hit the jiangshi. You headbutt the jiangshi!
The jiangshi is heavily damaged.
You hit the jiangshi. You hit something but do no damage.
You block the jiangshi's attack.
The jiangshi claws you but does no damage.
The jiangshi misses you.
The jiangshi claws you but does no damage.
Something hits you but does no damage. Something bites you but does no damage.
You closely miss the jiangshi. Your headbutt misses the jiangshi.
The jiangshi is heavily damaged.
You slash the jiangshi! You miss something. The jiangshi claws you! x2
You die...

. ..x ##.
... . . ## .
...## #.#¤.#
.. ..##.#.##
. .........#
#.. #..###
.#.#.#... .
.x.#...### .
## #.....#
.. #.#@V..#
..#
#.#.{V...# .
#
##¤....##...
. ###.##..
.# ..# #..
.#( .## # #
. #


You could see 2 jiangshi.

Vanquished Creatures
  A blizzard demon (Abyss:1)
  A jiangshi (Abyss:1)
  A hydra (Lair:2)
  Harold (D:9)
  A two-headed ogre (D:8)
  A thrashing horror (Abyss:1)
  A skyshark (Lair:2)
  Amaemon (Lair:2)
  A large abomination (Abyss:1)
  A black mamba (Lair:2)
  An elephant (D:9)
  A smoke demon (Abyss:1)
  An orange demon (Lair:2)
  A cane toad (Lair:1)
  3 komodo dragons (Lair:1)
  An ancient zyme (Abyss:1)
  Prince Ribbit (D:9)
  4 blink frogs
  A flying skull (Abyss:1)
  3 wyverns
  A ynoxinul (Abyss:1)
  11 yaks
  A wraith (Ossuary)
  8 basilisks
  2 steam dragons (D:8)
  A chaos spawn (Abyss:1)
  Menkaure (D:4)
  A water moccasin (Lair:2)
  3 black bears
  3 orc warriors
  A sky beast (D:7)
  2 ice beasts (D:5)
  9 wolves (Lair:2)
  4 centaurs
  A kobold brigand (D:8)
  7 bullfrogs
  A small abomination (Abyss:1)
  A gnoll sergeant (D:5)
  5 scorpions
  5 wights (D:8)
  11 killer bees
  A howler monkey (D:6)
  4 hounds
  7 iguanas
  An iron imp (Abyss:1)
  A sleepcap (D:7)
  8 orc wizards
  A mummy (Ossuary)
  11 gnolls
  8 adders
  4 white imps
  3 dart slugs
  40 orcs
  9 bats
  6 endoplasms
  2 giant cockroaches
  10 goblins
  6 hobgoblins
  A jackal (D:2)
  3 quokkas
  3 frilled lizards
  5 gnoll skeletons (Ossuary)
  8 kobolds
  5 kobold skeletons (Ossuary)
  15 orc skeletons (Ossuary)
  A rat (D:1)
269 creatures vanquished.

Vanquished Creatures (others)
  A lurking horror (Abyss:1)
1 creature vanquished.

Grand Total: 270 creatures vanquished

Notes
Turn   | Place    | Note
-------+----------+-------------------------------------------
     0 | D:1      | qw the Gargoyle Fighter began the quest for the Orb.
     0 | D:1      | Reached XP level 1. HP: 14/14 MP: 1/1
     0 | D:1      | 0 ||| qw: Version: 0.3-a-5-g6f28e65
     0 | D:1      | 0 ||| qw: Game counter: 487
     0 | D:1      | 0 ||| qw: Always use a shield: true
     0 | D:1      | 0 ||| qw: God list: Okawaru
     0 | D:1      | 0 ||| qw: Allow faded altars: false
     0 | D:1      | 0 ||| qw: Do Orc after D:15 true
     0 | D:1      | 0 ||| qw: Do second Lair branch before Depths: true
     0 | D:1      | 0 ||| qw: Lair rune preference: random
     0 | D:1      | 0 ||| qw: Plans: Normal, Zot:1-4, Slime:5, God:TSO, Crypt,
                  | Tomb, Abyss, Pan, Hells, Win
     0 | D:1      | 0 ||| PLANNING D:1-11
    84 | D:1      | Reached skill level 2 in Axes
   231 | D:1      | Reached XP level 2. HP: 13/19 MP: 2/2
   326 | D:1      | 326 ||| Stepping ~*~*~tactically~*~*~ (hiding).
   767 | D:1      | 767 ||| UPGRADING to +0 chain mail.
   777 | D:1      | 777 ||| DROPPING +0 scale mail.
   778 | D:1      | 778 ||| UPGRADING to amulet of regeneration.
   783 | D:1      | 783 ||| READING scroll labelled MURUASU AGGU.
   784 | D:1      | 784 ||| DROPPING +0 club.
   785 | D:1      | 785 ||| READING scroll labelled MIZXAI IPOMUCK.
   786 | D:1      | 786 ||| READING scroll labelled KIUNGA AMUAD.
   787 | D:1      | 787 ||| READING scroll labelled FIYDWU WIPOWN.
   867 | D:2      | 867 ||| Stepping ~*~*~tactically~*~*~ (stealth).
   881 | D:2      | 881 ||| Stepping ~*~*~tactically~*~*~ (stealth).
   882 | D:2      | 882 ||| Stepping ~*~*~tactically~*~*~ (stealth).
   888 | D:2      | Reached skill level 3 in Axes
   888 | D:2      | Reached XP level 3. HP: 23/23 MP: 3/3
  1024 | D:2      | Reached XP level 4. HP: 28/28 MP: 4/4
  1069 | D:2      | Reached skill level 4 in Axes
  1466 | D:2      | 1466 ||| UPGRADING to +0 pair of gloves.
  1471 | D:2      | 1471 ||| DROPPING amulet of magic regeneration.
  1472 | D:2      | 1472 ||| UPGRADING to +6 ring of dexterity.
  1473 | D:2      | 1473 ||| DRINKING 2 fizzy white potions.
  1474 | D:2      | 1474 ||| DRINKING 3 brown potions.
  1474 | D:2      | Gained mutation: You passively map a small area around you.
                  | [potion of mutation]
  1474 | D:2      | Gained mutation: You are occasionally teleported next to
                  | monsters. [potion of mutation]
  1474 | D:2      | Gained mutation: You are partially covered in iridescent
                  | scales. (AC +2) [potion of mutation]
  1475 | D:2      | 1475 ||| DRINKING 2 potions of mutation.
  1475 | D:2      | Lost mutation: You are partially covered in iridescent
                  | scales. (AC +2) [potion of mutation]
  1475 | D:2      | Lost mutation: You are occasionally teleported next to
                  | monsters. [potion of mutation]
  1475 | D:2      | Gained mutation: Your mind is acute. (Int +4, Str/Dex -1)
                  | [potion of mutation]
  1475 | D:2      | Gained mutation: You sometimes lose your temper in combat.
                  | [potion of mutation]
  1476 | D:2      | 1476 ||| DRINKING potion of mutation.
  1476 | D:2      | Lost mutation: You passively map a small area around you.
                  | [potion of mutation]
  1476 | D:2      | Lost mutation: You sometimes lose your temper in combat.
                  | [potion of mutation]
  1476 | D:2      | Lost mutation: Your mind is acute. (Int +4, Str/Dex -1)
                  | [potion of mutation]
  1476 | D:2      | Gained mutation: You have sharp fingernails. [potion of
                  | mutation]
  1476 | D:2      | Gained mutation: Your body sometimes deteriorates upon
                  | taking damage. [potion of mutation]
  1476 | D:2      | Gained mutation: You have a pair of small horns on your
                  | head. [potion of mutation]
  1476 | D:2      | Gained mutation: You are partially covered in iridescent
                  | scales. (AC +2) [potion of mutation]
  1642 | D:3      | Reached skill level 1 in Dodging
  1652 | D:3      | 1652 ||| Stepping ~*~*~tactically~*~*~ (hiding).
  1677 | D:3      | 1677 ||| Stepping ~*~*~tactically~*~*~ (stealth).
  1697 | D:3      | Identified the +4 ring mail of the Guardian {Harm rCorr
                  | Str+5 Stlth-}
  1711 | D:3      | Reached XP level 5. HP: 32/32 MP: 5/5
  1922 | D:3      | Noticed a small abomination
  1947 | D:3      | 1947 ||| READING scroll of brand weapon.
  1947 | D:3      | 1947 ||| BRANDING +0 war axe of flaming.
  1975 | D:3      | Reached skill level 5 in Axes
  1989 | D:3      | Reached XP level 6. HP: 38/38 MP: 6/6
  2018 | D:3      | Found a transporter.
  2021 | D:3      | Found a one-way gate to the infinite horrors of the Abyss.
  2021 | D:3      | Noticed qw's ghost (amateur NaHu)
  2036 | D:3      | Found a transporter.
  2087 | D:3      | Found a large runed translucent door.
  2087 | D:3      | Found a large runed translucent door.
  2243 | D:3      | 2243 ||| READING scroll labelled GUTAMM ERIKHUV.
  2244 | D:3      | 2244 ||| DRINKING 2 fizzy blue potions.
  2245 | D:3      | 2245 ||| DRINKING potion of curing.
  2245 | D:3      | 2245 ||| (to cure confusion)
  2246 | D:3      | 2246 ||| DROPPING potion of ambrosia.
  2271 | D:4      | 2271 ||| PLANNING OSSUARY
  2320 | D:4      | Found a staircase to the Ecumenical Temple.
  2353 | D:4      | 2353 ||| Stepping ~*~*~tactically~*~*~ (stealth).
  2355 | D:4      | 2355 ||| Stepping ~*~*~tactically~*~*~ (hiding).
  2357 | D:4      | 2357 ||| Stepping ~*~*~tactically~*~*~ (hiding).
  2375 | D:4      | 2375 ||| Stepping ~*~*~tactically~*~*~ (stealth).
  2376 | D:4      | 2376 ||| Stepping ~*~*~tactically~*~*~ (stealth).
  2382 | D:4      | 2382 ||| Stepping ~*~*~tactically~*~*~ (stealth).
  2391 | D:4      | Noticed Menkaure
  2396 | D:4      | Killed Menkaure
  2448 | D:4      | Found a sand-covered staircase.
  2449 | D:4      | 2449 ||| READING scroll labelled KEMAFO FELI.
  2450 | D:4      | 2450 ||| READING scroll labelled FARRUI ABLU.
  2451 | D:4      | 2451 ||| DRINKING 2 bubbling black potions.
  2459 | Ossuary  | Entered an ossuary
  2459 | Ossuary  | Noticed a wraith
  2459 | Ossuary  | Noticed a wraith
  2459 | Ossuary  | Noticed a wraith
  2474 | Ossuary  | Reached skill level 6 in Axes
  2486 | Ossuary  | Reached XP level 7. HP: 39/43 MP: 7/7
  2518 | Ossuary  | Noticed a wraith
  2539 | Ossuary  | Killed a wraith
  2687 | Ossuary  | 2687 ||| READING 2 scrolls labelled ZOIZXA RIMO.
  2688 | Ossuary  | 2688 ||| READING 3 scrolls labelled FEOPAWK SEPN.
  2689 | Ossuary  | 2689 ||| READING scroll labelled HEWOEP KIKO.
  2690 | Ossuary  | 2690 ||| DRINKING 2 dark potions.
  2691 | Ossuary  | 2691 ||| DRINKING 2 silvery potions.
  2692 | Ossuary  | 2692 ||| READING 3 scrolls of identify.
  2692 | Ossuary  | 2692 ||| IDENTIFYING amethyst potion
  2693 | Ossuary  | 2693 ||| READING 2 scrolls of identify.
  2693 | Ossuary  | 2693 ||| IDENTIFYING clear potion
  2694 | Ossuary  | 2694 ||| DROPPING potion of degeneration.
  2695 | Ossuary  | 2695 ||| DROPPING scroll of fear.
  2696 | Ossuary  | 2696 ||| DROPPING 2 scrolls of butterflies.
  2704 | D:4      | 2704 ||| PLANNING TEMPLE
  2717 | D:4      | 2717 ||| Stepping ~*~*~tactically~*~*~ (stealth).
  2718 | D:4      | 2718 ||| STAIRDANCE
  2815 | Temple   | Entered the Ecumenical Temple
  2903 | Temple   | 2903 ||| PLANNING OKAWARU WORSHIP
  2945 | Temple   | Became a worshipper of Warmaster Okawaru
  2946 | Temple   | 2946 ||| PLANNING D:1-11
  3078 | D:4      | Found an ornate altar of the Wu Jian Council.
  3163 | D:4      | 3163 ||| Stepping ~*~*~tactically~*~*~ (stealth).
  3174 | D:4      | Reached skill level 7 in Axes
  3244 | D:4      | Reached XP level 8. HP: 49/49 MP: 8/8
  3257 | D:4      | 3257 ||| Stepping ~*~*~tactically~*~*~ (stealth).
  3355 | D:4      | Found a sacrificial altar of Ru.
  3425 | D:4      | 3425 ||| UPGRADING to +5 ring of evasion.
  3426 | D:4      | 3426 ||| DRINKING 2 bubbling sapphire potions.
  3531 | D:4      | 3531 ||| READING 2 scrolls of identify.
  3531 | D:4      | 3531 ||| IDENTIFYING fizzy golden potion
  3532 | D:4      | 3532 ||| DROPPING potion of berserk rage.
  3549 | D:5      | Entered Level 5 of the Dungeon
  3560 | D:5      | Reached * piety under Okawaru
  3646 | D:5      | Reached skill level 8 in Axes
  3646 | D:5      | Reached skill level 1 in Invocations
  3907 | D:5      | Reached skill level 3 in Invocations
  3921 | D:5      | 3921 ||| Stepping ~*~*~tactically~*~*~ (hiding).
  4071 | D:5      | 4071 ||| INVOKING Heroism.
  4077 | D:5      | Reached skill level 6 in Fighting
  4443 | D:5      | 4443 ||| UPGRADING to +0 plate armour.
  4453 | D:5      | 4453 ||| DROPPING +0 chain mail.
  4478 | D:6      | Found a stormy altar of Qazlal.
  4528 | D:6      | Reached ** piety under Okawaru
  4533 | D:6      | Reached XP level 9. HP: 55/55 MP: 12/12
  4692 | D:6      | 4692 ||| INVOKING Heroism.
  4866 | D:6      | Found a runed translucent door.
  4867 | D:6      | Noticed Crazy Yiuf
  5021 | D:6      | Found a basalt altar of Yredelemnul.
  5538 | D:6      | 5538 ||| DROPPING amulet of guardian spirit.
  5539 | D:6      | 5539 ||| READING scroll labelled JUVVERANUXT.
  5914 | D:6      | 5914 ||| READING scroll labelled SUFIBRYNKI.
  6323 | D:7      | Found a transporter.
  6327 | D:7      | Noticed a cyclops
  6351 | D:7      | 6351 ||| DRINKING 2 potions of curing.
  6351 | D:7      | 6351 ||| (to cure confusion)
  6369 | D:7      | Found a transporter.
  6371 | D:7      | 6371 ||| INVOKING Heroism.
  6393 | D:7      | Noticed qw's ghost (amateur GrFi)
  6433 | D:7      | Found a transporter.
  6618 | D:7      | 6618 ||| INVOKING Heroism.
  6627 | D:7      | Reached skill level 9 in Axes
  6630 | D:7      | Noticed a two-headed ogre
  6751 | D:7      | 6751 ||| INVOKING Heroism.
  6813 | D:8      | Noticed a two-headed ogre
  6814 | D:8      | 6814 ||| INVOKING Heroism.
  6825 | D:8      | Killed a two-headed ogre
  6826 | D:8      | Reached skill level 6 in Shields
  6832 | D:8      | 6832 ||| DROPPING +0 hand axe.
  6859 | D:8      | 6859 ||| Stepping ~*~*~tactically~*~*~ (hiding).
  6972 | D:8      | Found a bloodstained altar of Trog.
  7010 | D:8      | 7010 ||| INVOKING Heroism.
  7040 | D:8      | 7040 ||| Stepping ~*~*~tactically~*~*~ (stealth).
  7044 | D:8      | Reached XP level 10. HP: 61/61 MP: 13/13
  7045 | D:8      | 7045 ||| Stepping ~*~*~tactically~*~*~ (hiding).
  7069 | D:8      | 7069 ||| INVOKING Heroism.
  7093 | D:8      | 7093 ||| DROPPING +0 flail.
  7383 | D:8      | Found a runed translucent door.
  7386 | D:8      | 7386 ||| Stepping ~*~*~tactically~*~*~ (hiding).
  7388 | D:8      | 7388 ||| Stepping ~*~*~tactically~*~*~ (hiding).
  7396 | D:8      | Reached skill level 6 in Armour
  7513 | D:8      | Found the +10 tower shield of Ignorance {rN+ Int-4}
  7519 | D:8      | Found a runed translucent door.
  7520 | D:8      | Noticed an orange crystal statue
  7522 | D:8      | 7522 ||| Stepping ~*~*~tactically~*~*~ (hiding).
  7523 | D:8      | 7523 ||| Stepping ~*~*~tactically~*~*~ (hiding).
  7524 | D:8      | 7524 ||| Stepping ~*~*~tactically~*~*~ (hiding).
  7528 | D:8      | 7528 ||| INVOKING Heroism.
  7812 | D:8      | 7812 ||| UPGRADING to +1 cloak.
  7860 | D:9      | 7860 ||| Stepping ~*~*~tactically~*~*~ (stealth).
  7873 | D:9      | 7873 ||| DRINKING potion of curing.
  7873 | D:9      | 7873 ||| (to cure confusion)
  7897 | D:9      | Found a staircase to the Lair.
  7897 | D:9      | Noticed an elephant
  7899 | D:9      | 7899 ||| Stepping ~*~*~tactically~*~*~ (stealth).
  7912 | D:9      | Killed an elephant
  7912 | D:9      | Reached *** piety under Okawaru
  7913 | D:9      | Reached skill level 10 in Axes
  7931 | D:9      | Found a white marble altar of Elyvilon.
  7970 | D:9      | 7970 ||| Stepping ~*~*~tactically~*~*~ (hiding).
  7972 | D:9      | 7972 ||| Stepping ~*~*~tactically~*~*~ (hiding).
  7973 | D:9      | 7973 ||| Stepping ~*~*~tactically~*~*~ (hiding).
  8055 | D:9      | Found Viraip Dom's Assorted Antiques.
  8061 | D:9      | 8061 ||| BUYING potion of curing (99 gold).
  8061 | D:9      | Bought a potion of curing for 99 gold pieces
  8061 | D:9      | 8061 ||| BUYING scroll labelled ZOIDDAMYCS (33 gold).
  8061 | D:9      | Bought a scroll labelled ZOIDDAMYCS for 33 gold pieces
  8061 | D:9      | 8061 ||| BUYING scroll of brand weapon (313 gold).
  8061 | D:9      | Bought a scroll of brand weapon for 313 gold pieces
  8097 | D:9      | Noticed Prince Ribbit
  8127 | D:9      | Killed Prince Ribbit
  8139 | D:9      | Identified the +0 robe of Etzuell {rElec rN+ Dex-2 SInv}
  8156 | D:9      | Found a burning altar of Makhleb.
  8156 | D:9      | Found a glowing silver altar of Zin.
  8161 | D:9      | Found a shadowy altar of Dithmenos.
  8166 | D:9      | Noticed Harold
  8167 | D:9      | 8167 ||| INVOKING Heroism.
  8185 | D:9      | Killed Harold
  8408 | D:9      | Found a snail-covered altar of Cheibriados.
  8421 | D:9      | Found a glowing golden altar of the Shining One.
  8503 | D:9      | Reached **** piety under Okawaru
  8514 | D:9      | Reached XP level 11. HP: 61/68 MP: 14/14
  8819 | D:9      | 8819 ||| PLANNING LAIR
  8819 | D:9      | 8819 ||| READING scroll labelled JUIGABRIROITS.
  8820 | D:9      | 8820 ||| READING scroll labelled ZOIDDAMYCS.
  8854 | Lair:1   | Entered Level 1 of the Lair of Beasts
  8891 | Lair:1   | 8891 ||| INVOKING Heroism.
  8911 | Lair:1   | 8911 ||| INVOKING Heroism.
  9004 | Lair:1   | 9004 ||| Stepping ~*~*~tactically~*~*~ (stealth).
  9011 | Lair:1   | Reached skill level 11 in Axes
  9044 | Lair:1   | 9044 ||| INVOKING Heroism.
  9126 | Lair:1   | 9126 ||| INVOKING Heroism.
  9288 | Lair:1   | 9288 ||| INVOKING Heroism.
  9300 | Lair:1   | Reached skill level 6 in Invocations
  9459 | Lair:1   | 9459 ||| Stepping ~*~*~tactically~*~*~ (hiding).
  9782 | Lair:1   | You fall into a shaft and drop 1 floor!
  9792 | Lair:2   | 9792 ||| UPGRADING to +0 pair of boots.
  9797 | Lair:2   | 9797 ||| READING scroll labelled UTAXIM XECATAH.
  9811 | Lair:2   | 9811 ||| READING 9 scrolls of identify.
  9811 | Lair:2   | 9811 ||| IDENTIFYING grey potion
 10115 | Lair:1   | 10115 ||| DROPPING +1 hand axe of freezing.
 10413 | Lair:2   | Noticed an eight-headed hydra
 10414 | Lair:2   | 10414 ||| INVOKING Heroism.
 10417 | Lair:2   | Reached skill level 9 in Fighting
 10420 | Lair:2   | 10420 ||| SWAPPING to +0 morningstar.
 10430 | Lair:2   | HP: 12/71 [eight-headed hydra (11)]
 10431 | Lair:2   | 10431 ||| READING 2 scrolls of teleportation.
 10432 | Lair:2   | 10432 ||| DRINKING potion of heal wounds.
 10437 | Lair:2   | 10437 ||| SWAPPING to +0 vampiric war axe.
 10514 | Lair:2   | 10514 ||| Stepping ~*~*~tactically~*~*~ (hiding).
 10515 | Lair:2   | 10515 ||| Stepping ~*~*~tactically~*~*~ (hiding).
 10631 | Lair:2   | 10631 ||| INVOKING Heroism.
 10662 | Lair:2   | 10662 ||| Stepping ~*~*~tactically~*~*~ (stealth).
 10679 | Lair:2   | 10679 ||| Stepping ~*~*~tactically~*~*~ (stealth).
 10680 | Lair:2   | 10680 ||| Stepping ~*~*~tactically~*~*~ (stealth).
 10686 | Lair:2   | Noticed a skyshark
 10707 | Lair:2   | Killed a skyshark
 10707 | Lair:2   | Received a gift from Okawaru
 10721 | Lair:2   | 10721 ||| INVOKING Heroism.
 10735 | Lair:2   | Noticed a five-headed hydra
 10737 | Lair:2   | 10737 ||| SWAPPING to +0 morningstar.
 10751 | Lair:2   | Killed a five-headed hydra
 10752 | Lair:2   | 10752 ||| SWAPPING to +0 vampiric war axe.
 10798 | Lair:2   | Noticed Amaemon
 10799 | Lair:2   | 10799 ||| Stepping ~*~*~tactically~*~*~ (hiding).
 10802 | Lair:2   | 10802 ||| Stepping ~*~*~tactically~*~*~ (stealth).
 10803 | Lair:2   | 10803 ||| Stepping ~*~*~tactically~*~*~ (hiding).
 10805 | Lair:2   | 10805 ||| INVOKING Heroism.
 10814 | Lair:2   | Reached XP level 12. HP: 76/76 MP: 16/18
 10821 | Lair:2   | Killed Amaemon
 10822 | Lair:2   | Reached skill level 12 in Axes
 10847 | Lair:2   | 10847 ||| READING scroll of enchant weapon.
 10847 | Lair:2   | 10847 ||| ENCHANTING +0 vampiric war axe.
 10854 | Lair:2   | Noticed Sonja
 10855 | Lair:2   | 10855 ||| Stepping ~*~*~tactically~*~*~ (hiding).
 10856 | Lair:2   | 10856 ||| Stepping ~*~*~tactically~*~*~ (hiding).
 10866 | Abyss:1  | Cast into level 1 of the Abyss (Sonja)
 10867 | Abyss:1  | 10867 ||| Stepping ~*~*~tactically~*~*~ (stealth).
 10899 | Abyss:1  | Found a corrupted altar of Lugonu.
 10905 | Abyss:1  | Reached ***** piety under Okawaru
 10930 | Abyss:1  | Noticed a wretched star
 10931 | Abyss:1  | 10931 ||| Stepping ~*~*~tactically~*~*~ (stealth).
 10933 | Abyss:1  | 10933 ||| Stepping ~*~*~tactically~*~*~ (hiding).
 10939 | Abyss:1  | 10939 ||| Stepping ~*~*~tactically~*~*~ (stealth).
 10948 | Abyss:1  | 10948 ||| Stepping ~*~*~tactically~*~*~ (stealth).
 10956 | Abyss:1  | 10956 ||| Stepping ~*~*~tactically~*~*~ (hiding).
 10963 | Abyss:1  | Reached skill level 9 in Invocations
 10970 | Abyss:1  | 10970 ||| INVOKING Heroism.
 11013 | Abyss:1  | Noticed a thrashing horror
 11014 | Abyss:1  | 11014 ||| Stepping ~*~*~tactically~*~*~ (stealth).
 11017 | Abyss:1  | 11017 ||| Stepping ~*~*~tactically~*~*~ (stealth).
 11029 | Abyss:1  | Killed a thrashing horror
 11080 | Abyss:1  | Noticed a blizzard demon
 11089 | Abyss:1  | 11089 ||| INVOKING Heroism.
 11101 | Abyss:1  | Reached skill level 1 in Throwing
 11106 | Abyss:1  | Killed a blizzard demon
 11130 | Abyss:1  | 11130 ||| Stepping ~*~*~tactically~*~*~ (stealth).
 11134 | Abyss:1  | 11134 ||| Stepping ~*~*~tactically~*~*~ (stealth).
 11139 | Abyss:1  | 11139 ||| Stepping ~*~*~tactically~*~*~ (stealth).
 11140 | Abyss:1  | Noticed a jiangshi
 11140 | Abyss:1  | Noticed a vampire mage
 11141 | Abyss:1  | Noticed a jiangshi
 11144 | Abyss:1  | Noticed a jiangshi
 11147 | Abyss:1  | 11147 ||| INVOKING Heroism.
 11148 | Abyss:1  | HP: 16/76 [vampire mage (7)]
 11149 | Abyss:1  | 11149 ||| READING 2 scrolls of teleportation.
 11152 | Abyss:1  | Killed a jiangshi
 11153 | Abyss:1  | Reached skill level 9 in Armour
 11155 | Abyss:1  | HP: 7/76 [jiangshi[a vampire mage] (15)]
 11155 | Abyss:1  | Mangled by a jiangshi

Levels and vault maps discovered:
D:1:      amcnicky_arrival_abandoned_market, layout_basic
D:2:      layout_loops_ring, minmay_pentomino_q2
D:3:      layout_basic, jmf_multi_god_temple2, gammafunk_ghost_abyssal_escape
D:4:      minmay_chambers_of_threes, layout_cave_pools,
          nicolae_ru_path_of_blood, pdpol_wu_jian_five_deadly_venoms,
          minmay_temple_entry_gardened_gates, enter_ossuary_1, uniq_menkaure
D:5:      layout_gridville, kennysheep_generic_room_15
D:6:      layout_basic, general_overflow_altar,
          mainiacjoe_overflow_tiny_flanked, minmay_checkerbox,
          uniq_crazy_yiuf_cottage
D:7:      gammafunk_beogh_shrine, layout_basic, gammafunk_ghost_smash
D:8:      layout_gridville, old_standard_altar,
          chequers_guarded_unrand_ignorance
D:9:      layout_long_grid, lemuel_tele_altar,
          gammafunk_temple_overflow_forgotten, elyvilon_altar_5,
          nicolae_tso_swordbearing_angel, david_lair_generic, serial_shops,
          shop, uniq_harold, uniq_prince_ribbit1
Temple:   nicolae_temple_figure_zero
Lair:1:   layout_layer_cave, infiniplex_staircase_pool_2
Lair:2:   regret_index_wax_grids, layout_regular_city, enter_volcano_4,
          basic_altar, uniq_sonja, uniq_amaemon
Abyss:1:  base: D:15, hangedman_abyss_or_decor_jellyfish_corner,
          evilmike_abyss_exit_vortex

Skill      XL: |  1  2  3  4  5  6  7  8  9 10 11 12 |
---------------+-------------------------------------+-----
Axes           | 2 3 4 5 6 7 8 9 10 11 12 | 12.0
Dodging        | 1 2 |  2.6
Fighting       | 4 5 6 8 9 |  9.0
Invocations    | 4 8 9 |  9.9
Armour         | 4 5 8 9 |  9.1
Shields        | 6 |  6.5
Throwing       | 2 |  2.0

Action                     |  1- 3 |  4- 6 |  7- 9 | 10-12 || total
---------------------------+-------+-------+-------+-------++-------
  Melee: War axe           |    57 |   132 |   293 |   455 ||   937
         Headbutt          |       |    18 |    61 |   125 ||   204
         Morningstar       |       |       |       |    28 ||    28
         Unarmed           |       |       |       |     3 ||     3
  Throw: Boomerang         |    19 |    21 |       |       ||    40
         Javelin           |       |       |       |     4 ||     4
 Invoke: Heroism           |       |       |     7 |    15 ||    22
    Use: Scroll            |     4 |     4 |     8 |     7 ||    23
         Potion            |       |     7 |     4 |     2 ||    13
 Armour: Scale mail        |     9 |       |       |       ||     9
         Chain mail        |    17 |    81 |    75 |       ||   173
         Plate armour      |       |       |    71 |   392 ||   463
  Dodge: Dodged            |    18 |    51 |   138 |   421 ||   628
  Block: Buckler           |    13 |    26 |    56 |   199 ||   294

Table legend:
 A = Non-vault XP
 B = Vault XP
 C = Vault XP percentage of total XP
 D = Non-vault monster count
 E = Vault monster count
 F = Vault count percentage of total count
                 A         B        C        D         E       F
            +---------+---------+-------+---------+---------+-------
      Total |   16883 |    7932 |  32.0 |     194 |      75 |  27.9
            +---------+---------+-------+---------+---------+-------
        D:1 |      14 |       0 |   0.0 |       8 |       0 |   0.0
        D:2 |      92 |       4 |   4.2 |      19 |       2 |   9.5
        D:3 |     214 |       0 |   0.0 |      22 |       0 |   0.0
        D:4 |     242 |     491 |  67.0 |      18 |      13 |  41.9
        D:5 |     691 |     129 |  15.7 |      18 |       1 |   5.3
        D:6 |     221 |     218 |  49.7 |      13 |       4 |  23.5
        D:7 |     760 |       0 |   0.0 |      20 |       0 |   0.0
        D:8 |    2073 |       0 |   0.0 |      19 |       0 |   0.0
        D:9 |    2428 |    2134 |  46.8 |      23 |       6 |  20.7
     Lair:1 |    2969 |       0 |   0.0 |      12 |       0 |   0.0
     Lair:2 |    3689 |    3344 |  47.5 |      13 |      19 |  59.4
    Abyss:1 |    3490 |    1371 |  28.2 |       9 |       3 |  25.0
    Ossuary |       0 |     241 | 100.0 |       0 |      27 | 100.0
            +---------+---------+-------+---------+---------+-------
